 Dungeon Crawl Stone Soup version 0.21.1-1-g345015f (webtiles) character file.

50 letownia2 the Charmwright (level 3, 0/27 HPs)
             Began as a Merfolk Skald on Mar 14, 2018.
             Slain by a hobgoblin
             ... wielding a cursed +0 club
              (4 damage)
             ... on level 2 of the Dungeon.
             The game lasted 00:03:10 (547 turns).

letownia2 the Charmwright (Merfolk Skald)            Turns: 547, Time: 00:03:12

Health: 0/27       AC:  3    Str: 11 (12) XL:     3   Next: 79%
Magic:  2/6        EV: 12    Int: 11 (12) God:
Gold:   125        SH:  0    Dex: 10 (13) Spells: 0/6 levels left

rFire    . . .     SeeInvis .   a - +0 spear
rCold    . . .     Gourm    .   (no shield)
rNeg     . . .     Faith    .   b - +0 leather armour
rPois    .         Spirit   .   (no helmet)
rElec    .         Reflect  .   (no cloak)
rCorr    .         Harm     .   (no gloves)
MR       .....                  (no boots)
Stlth    +.........             (no amulet)
HPRegen  0.09/turn              (no ring)
MPRegen  0.10/turn              (no ring)

@: no status effects
A: change form in water, swift swim, stealthy swim
a: no special abilities


You were on level 2 of the Dungeon.
You were not hungry.

You visited 1 branch of the dungeon, and saw 3 of its levels.

You collected 125 gold pieces.

Inventory:

Hand Weapons
 a - a +0 spear (weapon)
Missiles
 e - 28 sling bullets
Armour
 b - a +0 leather armour (worn)
Scrolls
 f - 2 scrolls of identify {unknown}
 g - a scroll of magic mapping {unknown}
Books
 c - a book of Battle

   Spells                             Type                      Level
   a - Infusion                       Charms                       1
   b - Shroud of Golubria             Charms/Translocation         2
   c - Song of Slaying                Charms                       2
   d - Spectral Weapon                Hexes/Charms                 3
   e - Regeneration                   Charms/Necromancy            3
Comestibles
 d - a ration


   Skills:
 - Level 2.1 Fighting
 - Level 3.0 Polearms
 - Level 0.6 Armour
 - Level 2.6 Dodging
 - Level 2.0 Spellcasting
 * Level 1.3 Hexes
 + Level 4.2 Charms
 - Level 1.2 Translocations


You couldn't memorise any spells.
You knew the following spells:

 Your Spells              Type           Power        Failure   Level  Hunger
a - Infusion              Chrm           ##..         7%          1    ##.....
t - Shroud of Golubria    Chrm/Tloc      #.........   19%         2    ###....
x - Spectral Weapon       Hex/Chrm       #.......     36%         3    ####...


Dungeon Overview and Level Annotations

Branches:
Dungeon (3/15)

Altars:


Message History

* * * LOW HITPOINT WARNING * * *
You closely miss the adder. The adder bites you.
* * * LOW HITPOINT WARNING * * *
Your magical contamination has completely faded away.
You hit the adder.
The adder is moderately wounded.
The adder barely misses you.
Unknown command.
You hit the adder.
The adder is severely wounded.
The adder barely misses you.
You hit the adder.
You kill the adder!
There is a stone staircase leading down here.
Your magical infusion is running out.
You are no longer magically infusing your attacks.
The hobgoblin shouts!
A rat comes into view.
You hit the hobgoblin but do no damage. The hobgoblin hits you with a club.
You die...

### #.#
#.#############
#.....>..w....#
#####.###########w#
#.................#
#.###..@###########
#.# #...g=r....
#S##.#..###....
#.##...... .. #.#
.#..#..
#g##.#..#... #...
#..# .. ##.. #...


You could see a hobgoblin and a rat.

Vanquished Creatures
  3 adders (D:2)
  A worm (D:2)
  A dart slug (D:2)
  2 bats (D:1)
  2 giant cockroaches
  3 goblins (D:1)
  3 hobgoblins (D:2)
  2 frilled lizards (D:1)
  A kobold (D:1)
  2 rats (D:1)
20 creatures vanquished.

Notes
Turn   | Place    | Note
-------+----------+-------------------------------------------
     0 | D:1      | letownia2 the Merfolk Skald began the quest for the Orb.
     0 | D:1      | Reached XP level 1. HP: 16/16 MP: 3/3
   106 | D:1      | Reached XP level 2. HP: 12/22 MP: 1/5
   151 | D:1      | Reached skill level 4 in Charms
   201 | D:2      | Learned a level 2 spell: Shroud of Golubria
   305 | D:2      | Reached skill level 1 in Translocations
   310 | D:2      | Reached XP level 3. HP: 27/27 MP: 2/6
   338 | D:1      | Learned a level 3 spell: Spectral Weapon
   487 | D:2      | Reached skill level 1 in Hexes
   547 | D:2      | Slain by a hobgoblin

Skill      XL: |  1  2  3 |
---------------+----------+-----
Charms         | 4 |  4.2
Translocations | 1 |  1.2
Hexes          | 1 |  1.3
Fighting       | |  2.1
Polearms       | |  3.0
Armour         | |  0.6
Dodging        | |  2.6
Spellcasting   | |  2.0

Action                   || total
-------------------------++-------
Melee: Spear             ||    83
 Cast: Infusion          ||     9
       Shroud of Golubri ||     1
  Use: Potion            ||     1
Armor: Leather armour    ||    19
Dodge: Dodged            ||    54
